 Dungeon Crawl Stone Soup version 0.18.1-47-g9310371 (webtiles) character file.

97 Firecrotchwizard the Cudgeler (level 4, -7/39 HPs)
             Began as a Minotaur Berserker on June 18, 2016.
             Was a Believer of Trog.
             Mangled by an iguana (13 damage)
             ... on level 5 of the Dungeon.
             The game lasted 00:06:44 (1887 turns).

Firecrotchwizard the Cudgeler (Minotaur Berserker)  Turns: 1887, Time: 00:06:45

Health: -7/39      AC:  8    Str: 22    XL:     4   Next: 42%
Magic:  3/3        EV:  8    Int:  4    God:    Trog [**....]
Gold:   102        SH:  0    Dex: 10    Spells: 0 memorised, 3 levels left

rFire  . . .     SeeInvis .     a - +0 mace
rCold  . . .     Gourm    .     e - +0 chain mail
rNeg   . . .     Faith    .     (no shield)
rPois  .         Spirit   .     (helmet restricted)
rElec  .         Dismiss  .     (no cloak)
rCorr  .         Reflect  .     (no gloves)
SustAt .         Harm     +     (no boots)
MR     .....                    j - amulet of harm
Stlth  ..........               (no ring)
                                (no ring)

@: not resistant to hostile enchantments, extremely unstealthy
A: retaliatory headbutt, horns 2
a: Berserk, Trog's Hand, Burn Spellbooks, Renounce Religion


You were on level 5 of the Dungeon.
You worshipped Trog.
Trog was pleased with you.
You were not hungry.

You visited 1 branch of the dungeon, and saw 4 of its levels.

You collected 102 gold pieces.

Inventory:

Hand Weapons
 a - a +0 mace (weapon)
Armour
 b - a +0 animal skin
 e - a +0 chain mail (worn)
 k - a +3 leather armour
Jewellery
 j - an amulet of harm (around neck)
Scrolls
 g - a scroll of remove curse {unknown}
 i - 2 scrolls of teleportation {unknown}
 m - a scroll of blinking {unknown}
 o - a scroll of magic mapping {unknown}
 p - a scroll of identify {unknown}
Potions
 d - a potion of heal wounds {unknown}
 l - 2 potions of cure mutation {unknown}
 n - 2 potions of curing {unknown}
Comestibles
 c - 2 bread rations
 f - 5 fruits
 h - a meat ration
 q - a beef jerky


   Skills:
 - Level 3.6 Fighting
 + Level 6.4 Maces & Flails
 - Level 2.4 Armour
 - Level 2.1 Dodging


You had 3 spell levels left.
You didn't know any spells.

Dungeon Overview and Level Annotations

Branches:
Dungeon (3/15)

Altars:
Ashenzari
Cheibriados
Elyvilon
Gozag
Qazlal


Innate Abilities, Weirdness & Mutations

You reflexively headbutt those who attack you in melee.
You have a pair of horns on your head.


Message History

You headbutt the iguana, but do no damage.
You hit the hound but do no damage.
The hound is lightly wounded.
The hound bites you but does no damage. The iguana bites you!
The hound bites you but does no damage.
You sock the hound! You headbutt the hound.
You kill the hound!
Trog accepts your kill.
Your Maces & Flails skill increases to level 6!
The iguana barely misses you.
You sock the iguana!
The iguana is severely wounded.
The iguana bites you but does no damage.
A hungry ghost comes into view.
You closely miss the iguana.
The iguana is severely wounded.
The iguana bites you!
* * * LOW HITPOINT WARNING * * *
The iguana bites you!
You die...

#. ... #.##. ..# ##
....# ...#. ....# #.#W
#... ##...## #..#
#.....# #..##.
.#...l@###..##.########
#............##.........
..#.....####....#####.<.
#.....###.###.......#.
###.####.## ##..###...
........# #........
###.####.## ##†.####..
........[###...# #..
...######...#### #..


You could see a hungry ghost and an iguana.

Vanquished Creatures
  A hound (D:5)
  3 adders
  An ooze (D:1)
  2 giant geckos
  3 giant cockroaches (D:2)
  4 goblins
  4 hobgoblins
  A quokka (D:2)
  3 ball pythons (D:1)
  6 bats
  A giant newt (D:2)
  4 kobolds
  6 rats
39 creatures vanquished.

Notes
Turn   | Place    | Note
--------------------------------------------------------------
     0 | D:1      | Firecrotchwizard the Minotaur Berserker began the quest for the Orb.
     0 | D:1      | Reached XP level 1. HP: 19/19 MP: 0/0
   255 | D:1      | Reached skill level 4 in Maces & Flails
   332 | D:1      | Found a shattered altar of Ashenzari.
   432 | D:1      | Reached XP level 2. HP: 26/26 MP: 1/1
   957 | D:2      | Reached skill level 5 in Maces & Flails
  1169 | D:2      | Reached XP level 3. HP: 30/31 MP: 2/2
  1258 | D:2      | Reached ** piety under Trog
  1438 | D:2      | Found an opulent altar of Gozag.
  1439 | D:2      | Found a shattered altar of Ashenzari.
  1439 | D:2      | Found a white marble altar of Elyvilon.
  1439 | D:2      | Found a stormy altar of Qazlal.
  1441 | D:2      | Found a snail-covered altar of Cheibriados.
  1849 | D:3      | You fall through a shaft for 2 floors!
  1849 | D:5      | Entered Level 5 of the Dungeon
  1864 | D:5      | Reached XP level 4. HP: 39/39 MP: 3/3
  1885 | D:5      | Reached skill level 6 in Maces & Flails
  1887 | D:5      | Noticed a hungry ghost
  1887 | D:5      | Mangled by an iguana

Skill      XL: |  1  2  3  4 |
---------------+-------------+-----
Maces & Flails | 4 5 6 |  6.4
Fighting       | |  3.6
Armour         | |  2.4
Dodging        | |  2.1

Action                   |  1- 3 |  4- 6 || total
-------------------------+-------+-------++-------
Melee: Mace              |    93 |     7 ||   100
       Headbutt          |    14 |     3 ||    17
  Eat: Chunk             |     3 |       ||     3
Armor: Chain mail        |    59 |     4 ||    63
       Animal skin       |     1 |       ||     1
Dodge: Dodged            |    46 |     5 ||    51
